 Dungeon Crawl Stone Soup version 0.31-a0-764-g8440623082 (webtiles) character file.

Game seed: 16300953349961474707

56 Malachi the Ruffian (level 3, -1/36 HPs)
             Began as an Octopode Shapeshifter on Sept 15, 2023.
             Frozen to death by an endoplasm (4 damage)
             ... on level 2 of the Dungeon.
             The game lasted 00:02:32 (1098 turns).

Malachi the Ruffian (Octopode Shapeshifter)         Turns: 1098, Time: 00:02:32

Health: -1/36      AC: 21    Str: 15    XL:     3   Next: 97%
Magic:  3/3        EV:  2    Int: 12    God:
Gold:   56         SH:  0    Dex: 11    Spells: 2/2 levels left

rFire   . .          .
                       - Unarmed
rCold   . . .        (no shield)
rNeg    . . .        (helmet currently unavailable)
rPois   +            (no amulet)
rElec   .            (no ring)
rCorr   .            (no ring)
SInv    .            (no ring)
Will    +....        (no ring)
Stlth   +            (no ring)
HPRegen 0.26/turn    (no ring)
MPRegen 0.08/turn    (no ring)
                     (no ring)

%: no passive effects
@: tree-form, enlightened
A: stationary, stasis, torment immunity, boosted hp, almost no armour,
(amphibious), 8 rings, (camouflage 1), (gelatinous body 1), (nimble swimmer 1),
(tentacles)
a: no special abilities


You were on level 2 of the Dungeon.
You were a tree.
You visited 1 branch of the dungeon, and saw 3 of its levels.

You collected 56 gold pieces.

Inventory:

Talismans
 b - a beast talisman
 c - a flux talisman
Scrolls
 d - a scroll of poison {unknown}
 g - a scroll of fog {unknown}
 h - a scroll of immolation {unknown}


   Skills:
 + Level 1.9 Fighting
 + Level 2.6 Dodging
 + Level 3.5 Unarmed Combat
 + Level 3.4 Shapeshifting


You had 2 spell levels left.
You didn't know any spells.
Your spell library contained the following spells:

 Spells                   Type           Power      Damage    Failure   Level
 Sandblast                Erth           0%         2d4       32%         1
 Passwall                 Tmut/Erth      0%         N/A       45%         2
 Stone Arrow              Conj/Erth      0%         3d7       69%         3


Dungeon Overview and Level Annotations

Branches:
Dungeon (3/15)

Altars:


Innate Abilities, Weirdness & Mutations

You are a tree.
Your roots penetrate the ground, keeping you stationary.
You cannot be teleported.
You are immune to unholy pain and torment.
Your maximum health is greatly increased.
You cannot wear most types of armour.
((You are amphibious.))
You can wear up to eight rings at the same time.
((Your skin changes colour to match your surroundings (Stealth+).))
((Your rubbery body absorbs attacks. (AC +1, EV +1)))
((You are camouflaged when in or above water. (Stealth+)))
((You have tentacles for arms and can constrict up to eight enemies at once.))


Message History

Unknown command.
You tentacle-slap the adder. You grab the adder.
The adder is lightly wounded.
You constrict the adder.
You feel sick. The adder bites you.
* * * LOW HITPOINT WARNING * * *
The goblin hits you with a +0 dagger.
* * * LOW HITPOINT WARNING * * *
The endoplasm closely misses you.
It was a potion of curing.
You feel better.
You constrict the adder. The adder closely misses you.
The goblin hits you with a +0 dagger. The endoplasm barely misses you.
The adder closely misses you.
It was a potion of enlightenment.
You feel very buoyant.
You fly up into the air.
You constrict the adder. The adder closely misses you.
The goblin hits you with a +0 dagger.
* * * LOW HITPOINT WARNING * * *
The endoplasm hits you.
* * * LOW HITPOINT WARNING * * *
Okay, then.
Your transformation has ended.
You turn into a tree.
Your roots penetrate the ground.
You lose your grip on the adder.
The adder bites you but does no damage. The goblin hits you but does no damage.
The endoplasm hits you but does no damage.
You hit the adder.
You kill the adder!
The endoplasm hits you.
* * * LOW HITPOINT WARNING * * *
The goblin hits you but does no damage.
You cannot move.
You smack the goblin!
You kill the goblin!
The endoplasm freezes you.
You are frozen.
* * * LOW HITPOINT WARNING * * *
You cannot move.
You hit the endoplasm but do no damage. The endoplasm freezes you.
You are frozen.
You die...

#.....# #.....# #.....###
######## #........ .......#
##........ ######.##
####....$.... ##
#..####..))J)>..... <##
##.......##♣†...# ..#
####.##.....#### ..#
#.........#...... ..#
#..>......######. ..##
#[...(....# ...# #.........#
##.####....)....############
....<....###........#......#
##<.................#......#


You could see an endoplasm.

Vanquished Creatures
  2 adders (D:2)
  A dart slug (D:2)
  3 ball pythons (D:1)
  3 endoplasms
  A giant cockroach (D:1)
  3 goblins (D:2)
  2 hobgoblins (D:1)
  3 jackals (D:2)
  5 kobolds
  A quokka (D:1)
  A bat (D:1)
  3 frilled lizards
  6 rats
34 creatures vanquished.

Notes
Turn   | Place    | Note
-------+----------+-------------------------------------------
     0 | D:1      | Malachi the Octopode Shapeshifter began the quest for the
                  | Orb.
     0 | D:1      | Reached XP level 1. HP: 13/13 MP: 1/1
   275 | D:1      | Reached XP level 2. HP: 12/18 MP: 2/2
   839 | D:2      | Reached XP level 3. HP: 22/23 MP: 3/3
  1022 | D:2      | You fall into a shaft and drop 1 floor!
  1098 | D:2      | Frozen to death by an endoplasm

Illustrated notes

Levels and vault maps discovered:
D:1:      scummos_arrival_simple_crosswalls, layout_basic
D:2:      layout_rooms
D:3:      layout_basic

Action                     || total
---------------------------++-------
  Melee: Unarmed           ||    60
         Constrict         ||    14
         Tentacles         ||     6
         Punch             ||     3
    Use: Potion            ||     3
   Stab: Sleeping          ||     6
 Armour: Skin              ||    38
  Dodge: Dodged            ||    29

Table legend: (Time is in decaauts)
 A = Elapsed time spent in this place.
 B = Non-inter-level travel time spent in this place.
 C = Inter-level travel time spent in this place.
 D = Time resting spent in this place.
 E = Time spent auto-exploring this place.
 F = Levels seen in this place.
 G = Mean time per level.
                   A        B        C        D        E       F      G
               +--------+--------+--------+--------+--------+-----+--------+
         Total |   1094 |   1050 |     44 |      0 |    850 |   3 |  364.7 |
       Dungeon |   1094 |   1050 |     44 |      0 |    850 |   3 |  364.7 |
               +--------+--------+--------+--------+--------+-----+--------+

Top non-repeatable levels by time:
     D:1: 774 daAuts
     D:2: 275 daAuts
     D:3: 45 daAuts
